 Dungeon Crawl Stone Soup version 0.31.0-9-g3a7656b989 (webtiles) character file.

Game seed: 16359873667489305387

34 qw the Shooter (level 3, -5/29 HPs)
             Began as a Demigod Hunter on Feb 2, 2024.
             Slain by a goblin
             ... wielding a +0 club
             ... led by Robin
              (6 damage)
             ... on level 2 of the Dungeon.
             The game lasted 00:00:03 (842 turns).

qw the Shooter (Demigod Hunter)                      Turns: 842, Time: 00:00:03

Health: -5/29      AC:  4    Str: 12    XL:     3   Next: 1%
Magic:  5/5        EV: 17    Int: 11    God:
Gold:   54         SH:  0    Dex: 21    Spells: 2/2 levels left

rFire   . . .        a - +0 shortbow (heavy)
rCold   . . .        (shield currently unavailable)
rNeg    . . .        c - +0 leather armour
rPois   .            (no helmet)
rElec   .            (no cloak)
rCorr   .            (no gloves)
SInv    .            e - +0 pair of boots
Will    .....        (no amulet)
Stlth   ++           h - +5 ring of evasion
HPRegen 0.24/turn    (no ring)
MPRegen 0.09/turn

%: no passive effects
@: no status effects
A: high MP 1, forlorn, divine attributes
a: no special abilities


You were on level 2 of the Dungeon.
You visited 1 branch of the dungeon, and saw 2 of its levels.

You collected 54 gold pieces.


Innate Abilities, Weirdness & Mutations

You have an increased reservoir of magic. (+10% MP)
You shall have no god before yourself.
Your divine heritage dramatically boosts your attributes as you level up.


   Skills:
 - Level 2.0 Fighting
 - Level 4.5 Ranged Weapons
 + Level 1.7 Dodging
 - Level 0.8 Stealth


You had 2 spell levels left.
You didn't know any spells.
Your spell library was empty.

Inventory:

Hand Weapons
 a - a +0 heavy shortbow (weapon)
Armour
 c - a +0 leather armour (worn)
 e - a +0 pair of boots (worn)
Jewellery
 h - a +5 ring of evasion (left hand)
Potions
 f - a potion of curing

Dungeon Overview and Level Annotations

Branches:
Dungeon (2/15)

Annotations:
D:2 Robin


Message History

You kill the goblin!
You shoot an arrow. The arrow hits the goblin!
You kill the goblin!
You shoot an arrow. The arrow closely misses the goblin.
The goblin misses you. The goblin hits you but does no damage.
836 ||| RETREEEEATING.
You shoot an arrow. The arrow barely misses the goblin.
The arrow hits the hobgoblin!
You kill the hobgoblin!
The goblin completely misses you. The goblin closely misses you.
You shoot an arrow. The arrow hits the goblin!
You kill the goblin!
You hear a shout!
The goblin hits you but does no damage.
You shoot an arrow. The arrow misses the goblin.
The arrow barely misses the goblin. x2
The goblin hits you with a +0 dagger. Robin throws the goblin at you!
The goblin misses you. The goblin barely misses you.
You shoot an arrow. The arrow hits the goblin.
You kill the goblin!
The goblin completely misses you.
Robin roars a battlecry!
The goblins go into a battle-frenzy!
You shoot an arrow. The arrow barely misses the goblin.
The arrow hits the goblin!
You kill the goblin!
The goblin hits you with a +0 club.
Robin hits you from afar with a +0 trident.
The goblin hits you with a +0 club. The goblin barely misses you.
The goblin hits you with a +0 club.
You have reached level 3!
Your experience leads to a dramatic increase in your attributes!
Increase (S)trength, (I)ntelligence, or (D)exterity?
You feel agile. x4
You shoot an arrow. The arrow hits the goblin!
You kill the goblin!
Robin closely misses you. The goblin hits you with a +0 club.
Robin barely misses you. The goblin completely misses you.
The goblin hits you with a +0 club.
You die...

# .gg.. #. ..g.
#g g.. # .. gg
.## #.#.#####...
#..!g.#...
#>.#.#
####.####)...#
.....gg@gg..##
.##.#####...#
#...# #...#
#####...######.
.....)..........
................
)...............
######...######.


You could see Robin, a hobgoblin (strong) and 2 goblins.

Vanquished Creatures
  An adder (D:2)
  3 endoplasms
  8 goblins
  3 hobgoblins
  A frilled lizard (D:1)
  4 kobolds
  3 rats (D:1)
23 creatures vanquished.

Notes
Turn   | Place    | Note
-------+----------+-------------------------------------------
     0 | D:1      | qw the Demigod Hunter began the quest for the Orb.
     0 | D:1      | Reached XP level 1. HP: 17/17 MP: 3/3
     0 | D:1      | 0 ||| qw: Version: 0.3-a-155-g5e7d8dd
     0 | D:1      | 0 ||| qw: Game counter: 227
     0 | D:1      | 0 ||| qw: Melee chars always use a shield: true
     0 | D:1      | 0 ||| qw: God list: Okawaru
     0 | D:1      | 0 ||| qw: Allow faded altars: false
     0 | D:1      | 0 ||| qw: Do Orc after clearing Dungeon:15 true
     0 | D:1      | 0 ||| qw: Do second Lair branch before Depths: true
     0 | D:1      | 0 ||| qw: Lair rune preference: random
     0 | D:1      | 0 ||| qw: Goals: Normal
     0 | D:1      | 0 ||| PLANNING D:1-11
   249 | D:1      | Reached skill level 4 in Ranged Weapons
   301 | D:1      | 301 ||| DROPPING +1 heavy sling.
   516 | D:1      | Reached XP level 2. HP: 24/24 MP: 4/4
   755 | D:1      | 755 ||| UPGRADING to +0 pair of boots.
   760 | D:1      | 760 ||| UPGRADING to +5 ring of evasion.
   761 | D:1      | 761 ||| READING scroll labelled UVUOKHLYERIACH.
   765 | D:1      | 765 ||| READING scroll labelled JUCVOI IHEGYER.
   765 | D:1      | 765 ||| BRANDING +0 shortbow.
   766 | D:1      | 766 ||| DRINKING 2 bubbling puce potions.
   767 | D:1      | 767 ||| DROPPING scroll of butterflies.
   826 | D:2      | Noticed Robin
   827 | D:2      | 827 ||| RETREEEEATING.
   828 | D:2      | 828 ||| RETREEEEATING.
   830 | D:2      | 830 ||| RETREEEEATING.
   832 | D:2      | 832 ||| RETREEEEATING.
   836 | D:2      | 836 ||| RETREEEEATING.
   841 | D:2      | HP: 5/24 [goblin/+0 club[Robin] (5)]
   842 | D:2      | Reached XP level 3. HP: 7/29 MP: 5/5
   842 | D:2      | HP: 1/29 [goblin/+0 club[Robin] (6)]
   842 | D:2      | Slain by a goblin

Levels and vault maps discovered:
D:1:      amcnicky_arrival_abandoned_market, layout_basic,
          hellmonk_ecumenical_altar_heavens_door, kennysheep_decorative_pillar
D:2:      layout_loops_cross, basic_altar, uniq_crazy_yiuf_cottage, uniq_robin

Skill      XL: |  1 |
---------------+----+-----
Ranged Weapons | 4 |  4.5
Fighting       | 2 |  2.0
Dodging        | |  1.7
Stealth        | |  0.8

Action                     || total
---------------------------++-------
   Fire: Shortbow          ||    39
    Use: Scroll            ||     2
         Potion            ||     1
 Armour: Leather armour    ||     9
  Dodge: Dodged            ||    11

Table legend:
 A = Non-vault XP
 B = Vault XP
 C = Vault XP percentage of total XP
 D = Non-vault monster count
 E = Vault monster count
 F = Vault count percentage of total count
                 A         B        C        D         E       F
            +---------+---------+-------+---------+---------+-------
      Total |      35 |      16 |  31.4 |      15 |       8 |  34.8
            +---------+---------+-------+---------+---------+-------
        D:1 |      19 |       0 |   0.0 |      12 |       0 |   0.0
        D:2 |      16 |      16 |  50.0 |       3 |       8 |  72.7
            +---------+---------+-------+---------+---------+-------
